 Dungeon Crawl Stone Soup version 0.20.1-1-g8b1a95d (webtiles) character file.

190 letownia2 the Grave Robber (level 5, 15/42 HPs)
             Began as a Deep Dwarf Necromancer on Nov 4, 2017.
             Quit the game in a sewer.
             The game lasted 00:04:13 (1162 turns).

letownia2 the Grave Robber (Deep Dwarf Necromancer) Turns: 1162, Time: 00:04:14

Health: 15/42      AC:  3    Str: 11    XL:     5   Next: 41%
Magic:  7/8        EV: 12    Int: 17    God:
Gold:   85         SH:  0    Dex: 13    Spells: 5/9 levels left

rFire    . . .     SeeInvis .   a - +0 dagger
rCold    . . .     Gourm    .   (no shield)
rNeg     . . .     Faith    .   d - +0 leather armour
rPois    .         Spirit   .   (no helmet)
rElec    .         Reflect  .   (no cloak)
rCorr    .         Harm     .   (no gloves)
MR       .....                  (no boots)
Stlth    ++........             (no amulet)
Regen    0.0/turn               (no ring)
MPRegen  0.2/turn               (no ring)

@: non-regenerating
A: damage resistance, heal wounds, sense surroundings 1, no regeneration
a: Heal Wounds


You were in a sewer.
You were not hungry.

You visited 1 branch of the dungeon, and saw 4 of its levels.
You also visited: Sewer.

You collected 85 gold pieces.

Inventory:

Hand Weapons
 a - a +0 dagger (weapon)
Armour
 d - a +0 leather armour (worn)
 h - a +0 chain mail
Scrolls
 f - a scroll of teleportation {unknown}
Potions
 g - a potion of curing {unknown}
Books
 b - a book of Necromancy

   Spells                             Type                      Level
   a - Pain                           Necromancy                   1
   b - Animate Skeleton               Necromancy                   1
   c - Vampiric Draining              Necromancy                   3
   d - Regeneration                   Charms/Necromancy            3
   e - Animate Dead                   Necromancy                   4
   f - Control Undead                 Necromancy                   4
Comestibles
 c - a bread ration


   Skills:
 - Level 2.1 Dodging
 - Level 2.4 Stealth
 - Level 2.5 Spellcasting
 + Level 6.9 Necromancy


You had 5 spell levels left.
You knew the following spells:

 Your Spells              Type           Power        Failure   Level  Hunger
a - Pain                  Necr           ####         1%          1    #......
v - Vampiric Draining     Necr           ####......   4%          3    ###....


Dungeon Overview and Level Annotations

Branches:
Dungeon (4/15)
 Temple: D:4-7

Altars:

Annotations:
D:3 Grinder
D:4 Blork the orc Sewer LiquoriceLizzard's ghost, amateur MfIE


Innate Abilities, Weirdness & Mutations

You are resistant to damage.
You can heal yourself by infusing magical energy.
You passively map a small area around you.
You do not regenerate.


Message History

Press: ? - help, Shift-Dir - straight line, f/p - hound
Aim: a hound (heavily wounded)
You kill the hound!
You feel life coursing into your body.
The orc priest looks encouraged for a moment.
You enter the shallow water.
Moving in this stuff is going to be slow.
There is a glowing drain here.
The world spins around you as you enter the gateway.
You enter a sewer!
There is an empty arch of ancient stone here.
Unknown command.
You start resting.
Eating a chunk of flesh.
You eat the chunk of flesh.
This raw flesh tastes terrible.
LiquoriceLizzard's ghost (amateur Merfolk Ice Elementalist) comes into view.
It is wielding a weapon of speed.
Unknown command.
LiquoriceLizzard's ghost is nearby!
You aren't carrying any pieces of jewellery.
Unknown command.
Are you sure you want to abandon this character and quit the game? (Confirm with "yes".)

#####
#∩@.#
*
###..#
* * ,,
#..#
,*
....,
, , ,
,
.....
, , ,
,
....W
, , ,
.... ,
, ,
..≈. ≈
≈ ≈ ≈


You could see LiquoriceLizzard's ghost (wandering).

Vanquished Creatures
  2 scorpions (D:4)
  A hound (D:4)
  3 gnolls (D:4)
  An adder (D:2)
  5 orcs (D:4)
  2 giant cockroaches
  A kobold (D:1)
  A bat (D:1)
  A frilled lizard (D:2)
  4 goblins (D:1)
  3 rats
24 creatures vanquished.

Notes
Turn   | Place    | Note
-------+----------+-------------------------------------------
     0 | D:1      | letownia2 the Deep Dwarf Necromancer began the quest for the Orb.
     0 | D:1      | Reached XP level 1. HP: 15/15 MP: 3/3
   430 | D:2      | Reached XP level 2. HP: 11/22 MP: 0/5
   579 | D:4      | Reached skill level 5 in Necromancy
   579 | D:4      | Reached XP level 3. HP: 13/28 MP: 2/6
   584 | D:4      | Learned a level 3 spell: Vampiric Draining
   616 | D:3      | Noticed Grinder
   779 | D:4      | Noticed Blork the orc
   922 | D:4      | Noticed a scorpion
   923 | D:4      | Noticed a scorpion
   936 | D:4      | Killed a scorpion
   936 | D:4      | Reached skill level 6 in Necromancy
   936 | D:4      | Reached XP level 4. HP: 17/36 MP: 0/7
   995 | D:4      | Reached XP level 5. HP: 26/42 MP: 0/8
  1105 | D:4      | Found a glowing drain.
  1125 | Sewer    | Entered a sewer
  1161 | Sewer    | Noticed LiquoriceLizzard's ghost (amateur MfIE)
  1162 | Sewer    | Quit the game

Skill      XL: |  1  2  3 |
---------------+----------+-----
Spellcasting   | 2 |  2.5
Necromancy     | 5 6 |  6.9
Dodging        | |  2.1
Stealth        | |  2.4

Action                   |  1- 3 |  4- 6 || total
-------------------------+-------+-------++-------
Melee: Dagger            |    39 |    16 ||    55
       Unarmed           |     3 |       ||     3
 Cast: Pain              |    26 |     3 ||    29
       Vampiric Draining |     9 |     4 ||    13
  Eat: Chunk             |     1 |     2 ||     3
Armor: Leather armour    |    20 |     1 ||    21
Dodge: Dodged            |    49 |    12 ||    61
